 Dungeon Crawl Stone Soup version 0.32-a0-484-g2eb335deba (webtiles) character file.

Game seed: 5436898267031478124

509329 KhaoChiang the Necromancer (level 24, 0/183 HPs)
             Began as a Mummy Earth Elementalist on Feb 26, 2024.
             Was the Champion of Hepliaklqana.
             Slain by an acid blob (25 damage)
             ... on level 3 of the Pits of Slime.
             The game lasted 03:09:34 (81048 turns).

KhaoChiang the Necromancer (MuEE)                  Turns: 81048, Time: 03:09:34

Health: 0/183      AC: -1    Str: 12    XL:     24   Next: 27%
Magic:  36/45      EV: 17    Int: 45    God:    Hepliaklqana [******]
Gold:   5065       SH:  0    Dex: 12    Spells: 5/59 levels left

rFire   . . .        l - staff of Premature Burial {^Fragile rElec rN+ Necro Fire}
rCold   + + .        w - orb "Pekoav" {*channel, rElec Str-4 Int+8 Stlth+}
rNeg    + + +        u - +2 robe {rC+ rF+}
rPois   ∞            b - +0 helmet {Int+3}
rElec   +            P - scarf {repulsion}
rCorr   .            N - +2 pair of gloves
SInv    .            n - +2 pair of boots {Stlth+}
Will    +++..        G - amulet of magic regeneration
Stlth   +++++        r - ring of Uwkea {rElec AC+4 Int+9 Dex-2 Stlth-}
HPRegen 0.50/turn    o - ring of the Gastropod {Wiz Str+3 Int+3}
MPRegen 0.69/turn

%: repel missiles, faith, wizardry (x1), channel magic (20%)
@: corroded, very slightly contaminated, slowed, studying Ranged Weapons, very
slow
A: reduced essence, cold resistance 1, negative energy resistance 3, torment
resistance 2, heat vulnerability 1, in touch with death 2, no potions, faith
}: 2/15 runes: decaying, serpentine
a: Renounce Religion, Recall Ancestor, Ancestor Identity, Transference, Idealise


You were on level 3 of the Pits of Slime.
You worshipped Hepliaklqana.
Hepliaklqana was exalted by your worship.
You visited 11 branches of the dungeon, and saw 49 of its levels.
You also visited: Trove, Gauntlet, Ice Cave and Wizlab.

You collected 6180 gold pieces.
You spent 1115 gold pieces at shops.

Inventory:

Hand Weapons
 J - the +8 arc blade {discharge, rElec}
   (You found it in a treasure trove)

   rElec:     It insulates you from electricity.
Armour
 b - a +0 helmet of intelligence (worn)
 j - +1 steam dragon scales
 n - a +2 pair of boots of stealth (worn)
 u - a +2 robe of resistance (worn)
 w - the orb "Pekoav" (worn) {*channel, rElec Str-4 Int+8 Stlth+}
   (You found it on level 15 of the Dungeon)

   Str-4:     It affects your strength (-4).
   Int+8:     It affects your intelligence (+8).
   rElec:     It insulates you from electricity.
   Stlth+:    It makes you more stealthy.
 N - a +2 pair of gloves (worn)
 O - a +0 troll leather armour
 P - a scarf of repulsion (worn)
 S - the +4 faerie dragon scales {+Inv rC+ rCorr Str-5 SInv}
   (You took it off the Enchantress on level 1 of the Depths)

   Str-5:     It affects your strength (-5).
   rC+:       It protects you from cold.
   SInv:      It lets you see invisible.
   +Inv:      It lets you turn invisible.
   rCorr:     It protects you from acid and corrosion.
Magical Staves
 l - the staff of Premature Burial (weapon) {^Fragile rElec rN+ Necro Fire}
   (You found it on level 3 of the Crypt)

   [staff of death]

   Base accuracy: +5 Base damage: 5 Base attack delay: 1.2 This weapon's minimum
   attack delay (0.6) is reached at skill level 12.
   rElec:     It insulates you from electricity.
   rN+:       It protects you from negative energy.
   ^Fragile:  It will be destroyed if unequipped.
   Necro:     It increases the power of your Necromancy spells.
   Fire:      It increases the power of your Fire spells.
   It falls into the 'Staves' category.
   It is a one-handed weapon.
Jewellery
 a - the ring "Laemm" {rC- rN+ Int+7 SInv}
   (You found it on level 1 of the Elven Halls)

   [ring of positive energy]

   Int+7:     It affects your intelligence (+7).
   rC-:       It makes you vulnerable to cold.
   rN+:       It protects you from negative energy.
   SInv:      It lets you see invisible.
 m - a ring of protection from fire
 o - the ring of the Gastropod (right hand) {Wiz Str+3 Int+3}
   (You bought it in a shop on level 3 of the Snake Pit)

   [ring of wizardry]

   Wiz:       It improves your spell success rate.
   Str+3:     It affects your strength (+3).
   Int+3:     It affects your intelligence (+3).
 r - the ring of Uwkea (left hand) {rElec AC+4 Int+9 Dex-2 Stlth-}
   (You took it off a vampire mage on level 3 of the Crypt)

   [ring of protection]

   AC+4:      It affects your AC (+4).
   Int+9:     It affects your intelligence (+9).
   Dex-2:     It affects your dexterity (-2).
   rElec:     It insulates you from electricity.
   Stlth-:    It makes you less stealthy.
 x - a ring of magical power
 z - a ring of magical power
 A - a ring of ice
 B - an amulet of the acrobat
 C - an amulet of guardian spirit
 D - a ring of resist corrosion
 G - an amulet of magic regeneration (around neck)
 H - an amulet of regeneration
 I - a +4 ring of protection
 K - a +4 ring of protection
 L - a ring of see invisible
 M - an amulet of reflection
 R - the ring "Fydengegaxt" {*Slow rPois rN+ Int+3 Dex+3}
   (You found it in an ice cave)

   [ring of positive energy]

   Int+3:     It affects your intelligence (+3).
   Dex+3:     It affects your dexterity (+3).
   rPois:     It protects you from poison rN+: It protects you from negative
   energy.
   *Slow:     It may slow you when you take damage.
 T - a ring of protection from fire
 U - the ring of the Tortoise {AC+8}
   (You found it in a Gauntlet)

   [ring of protection]

   AC+8:      It affects your AC (+8).
 V - a ring of flight
 W - a +6 ring of intelligence
 Z - a +6 ring of intelligence
Wands
 c - a wand of light (13)
 v - a wand of digging (30)
 y - a wand of paralysis (30)
 F - a wand of flame (32)
Scrolls
 d - 24 scrolls of teleportation {@r3}
 e - 5 scrolls of amnesia
 f - 10 scrolls of torment
 g - 16 scrolls of poison
 h - 10 scrolls of revelation {@r5}
 k - 3 scrolls of fog {@r2}
 p - 5 scrolls of enchant armour
 q - 6 scrolls of immolation
 s - 8 scrolls of enchant weapon
 t - 6 scrolls of noise
 E - 6 scrolls of vulnerability {!r}
 X - 3 scrolls of silence {!r}
Potions
 Q - 12 potions of mutation
Miscellaneous
 i - a phantom mirror (inert)
 Y - a phial of floods


   Skills:
 - Level 20.0 Fighting
 + Level 13.7 Dodging
 - Level 8.0 Stealth
 - Level 18.0 Spellcasting
 + Level 4.7 Conjurations
 - Level 14.0 Hexes
 - Level 15.0 Summonings
 - Level 20.0 Necromancy
 - Level 5.0 Translocations
 - Level 6.0 Earth Magic
 - Level 12.0 Invocations


You had 5 spell levels left.
You knew the following spells:

 Your Spells              Type           Power      Damage    Failure   Level
a - Bombard               Conj/Erth      36%        9d6       10%         6
b - Borgnjor's Vile Clut  Necr/Erth      88%        N/A       1%          5
d - Discord               Hex            52%        N/A       12%         8
h - Haunt                 Necr/Summ      96%        N/A       1%          7
i - Infestation           Necr           99%        N/A       2%          8
m - Summon Mana Viper     Hex/Summ       100%       N/A       1%          5
s - Spellforged Servitor  Conj/Summ      46%        N/A       9%          7
t - Summon Horrible Thin  Summ           54%        N/A       9%          8

Your spell library contained the following spells:

 Spells                   Type           Power      Damage    Failure   Level
 Freeze                   Ice            100%       1d10      1%          1
 Kiss of Death            Conj/Necr      100%       2d13      1%          1
 Necrotise                Necr           100%       1d9       1%          1
 Sandblast                Erth           100%       2d20      1%          1
 Shock                    Conj/Air       100%       1d9       1%          1
 Slow                     Hex            100%       N/A       1%          1
 Sting                    Conj/Alch      100%       1d9       1%          1
 Summon Small Mammal      Summ           100%       N/A       1%          1
 Call Imp                 Summ           100%       N/A       1%          2
 Cigotuvi's Dreadful Rot  Necr/Alch/Air  100%       N/A       1%          2
 Ensorcelled Hibernation  Hex/Ice        100%       N/A       1%          2
 Lesser Beckoning         Tloc           100%       N/A       1%          2
 Mercury Vapours          Alch/Air       80%        N/A       1%          2
 Momentum Strike          Conj/Tloc      100%       3d10      1%          2
 Searing Ray              Conj           100%       2d8       1%          2
 Call Canine Familiar     Summ           100%       N/A       1%          3
 Confusing Touch          Hex            100%       N/A       1%          3
 Dazzling Flash           Conj/Hex       100%       N/A       1%          3
 Fugue of the Fallen      Necr           100%       N/A       1%          3
 Gell's Gravitas          Tloc           71%        N/A       1%          3
 Hailstorm                Conj/Ice       57%        3d11      1%          3
 Inner Flame              Hex/Fire       100%       N/A       1%          3
 Mephitic Cloud           Conj/Alch/Air  53%        N/A       1%          3
 Passwall                 Erth           76%        N/A       1%          3
 Sigil of Binding         Hex            100%       N/A       1%          3
 Stone Arrow              Conj/Erth      100%       3d13      1%          3
 Summon Ice Beast         Ice/Summ       82%        N/A       1%          3
 Teleport Other           Tloc           71%        N/A       1%          3
 Tukima's Dance           Hex            100%       N/A       1%          3
 Vampiric Draining        Necr           100%       2d13      1%          3
 Volatile Blastmotes      Fire/Tloc      100%       2d18      1%          3
 Brom's Barrelling Bould  Conj/Erth      73%        2d9       1%          4
 Dimensional Bullseye     Hex/Tloc       45%        N/A       1%          4
 Dispel Undead            Necr           100%       3d31      1%          4
 Iskenderun's Mystic Bla  Conj/Tloc      71%        2d14      1%          4
 Martyr's Knell           Necr/Summ      100%       N/A       1%          4
 Summon Blazeheart Golem  Fire/Summ      100%       N/A       1%          4
 Curse of Agony           Necr           100%       N/A       1%          5
 Metabolic Englaciation   Hex/Ice        40%        N/A       1%          5
 Yara's Violent Unravell  Hex/Alch       40%        3d16      1%          5
 Frozen Ramparts          Ice            80%        1d13      2%          3
 Ozocubu's Armour         Ice            40%        N/A       2%          3
 Swiftness                Air            40%        N/A       2%          3
 Leda's Liquefaction      Alch/Erth      30%        N/A       2%          4
 Petrify                  Alch/Erth      61%        N/A       2%          4
 Lee's Rapid Deconstruct  Erth           38%        3d19*     2%          5
 Fulminant Prism          Conj/Alch      28%        3d14      3%          4
 Vhi's Electric Charge    Tloc/Air       100%       N/A       3%          4
 Iskenderun's Battlesphe  Conj           70%        2d12      3%          5
 Airstrike                Air            20%        2d(3-19)  6%          4
 Ignite Poison            Fire/Alch      57%        N/A       6%          4
 Sticky Flame             Fire/Alch      57%        2d10      6%          4
 Arcjolt                  Conj/Air       28%        1d38      7%          5
 Irradiate                Conj/Alch      28%        3d21      7%          5
 Freezing Cloud           Conj/Ice/Air   26%        6-21      9%          5
 Alistair's Intoxication  Alch           26%        N/A       14%         5
 Monstrous Menagerie      Summ           54%        N/A       2%          7
 Malign Gateway           Summ/Tloc      46%        N/A       9%          7
 Dispersal                Tloc           35%        N/A       11%         6
 Conjure Ball Lightning   Conj/Air       28%        3x3d8     26%         6
 Starburst                Conj/Fire      37%        6d11      26%         6
 Orb of Destruction       Conj           35%        9d10      43%         7
 Eringya's Noxious Bog    Alch           20%        4d6       47%         6
 Plasma Beam              Fire/Air       28%        2x1d41    47%         6
 Sculpt Simulacrum        Ice/Alch       20%        N/A       47%         6
 Ozocubu's Refrigeration  Ice            20%        4d11      93%         7
 Disjunction              Tloc           35%        N/A       93%         8
 Ignition                 Fire           28%        3d9       100%        8
 Maxwell's Capacitive Co  Air            20%        ∞         100%        8
 Polar Vortex             Ice            20%        12d2*     100%        9
 Sublimation of Blood     Necr           Unusable   N/A       N/A         2

Dungeon Overview and Level Annotations

Branches:
Dungeon (15/15)            Temple (1/1) D:6            Lair (5/5) D:11
  Swamp (4/4) Lair:3        Snake (4/4) Lair:2        Slime (4/5) Lair:4
    Orc (2/2) D:9             Elf (3/3) Orc:2        Vaults (4/5) D:14
  Crypt (3/3) Vaults:2       Tomb (0/3) Crypt:3      Depths (4/4) D:15
    Zot (0/5) Depths:4      IceCv (visited)          WizLab (visited)
Gauntlet (visited)

Altars:
Ashenzari
Cheibriados
Dithmenos
Fedhas
Gozag
Hepliaklqana
Kikubaaqudgha
Makhleb
Nemelex Xobeh
Okawaru
Qazlal
Ru
Sif Muna
Trog
Uskayaw
Vehumet
Wu Jian
Xom
Yredelemnul
Jiyva

Shops:
D:2 [   Orc:2 [[[!   Snake:3 !![=   Vaults:3 =[

Portals:
Hell: Depths:1 Depths:2 Depths:3 Depths:4
Abyss: Depths:2 Depths:3
Pandemonium: Depths:2
Ziggurat: Depths:1


Innate Abilities, Weirdness & Mutations

Your life essence is reduced to manifest your ancestor. (-10% HP)
You are immune to poison.
Your flesh is cold resistant. (rC+)
You are immune to negative energy. (rN+++)
You are immune to unholy pain and torment.
You are vulnerable to heat. (rF-)
You are strongly in touch with the powers of death.
You do not drink.
You have a special connection with the divine. (Faith)


Message History

Relad blocks the quicksilver ooze's attack.
The quicksilver ooze hits Relad.
Relad's magic leaks into the air.
The slime creature hits the slime creature.
Relad hits the quicksilver ooze with a +0 broad axe of speed!!
You feel your strength returning.
The slime creature hits the slime creature!! x2
The slime creature hits the slime creature!
The slime creature dies!
Relad hits the quicksilver ooze with a +0 broad axe of speed.
There is a stone staircase leading down here.
Relad blocks the quicksilver ooze's attack. x2
The acid blob hits you!!!
* * * LOW HITPOINT WARNING * * *
The acid corrodes you!
You are splashed with acid!
* * * LOW HITPOINT WARNING * * *
The quicksilver ooze barely misses Relad. x2
Relad misses the quicksilver ooze.
The acid blob hits you.
* * * LOW HITPOINT WARNING * * *
The acid corrodes you!
You are splashed with acid!
* * * LOW HITPOINT WARNING * * *
Relad hits the quicksilver ooze with a +0 broad axe of speed!!
The quicksilver ooze dies!
You climb downwards.
There is a stone staircase leading up here.
Okay, then.
Casting: Bombard (dangerous; 10% risk of failure)
Confirm with . or Enter, or press ? or * to list all spells.
Aiming: Bombard (dangerous; 10% risk of failure)
Press: ? - help, Shift-Dir - straight line, f - acid blob
Aim: an acid blob (98% to hit)
The iron shot hits the acid blob!!!
The acid blob is moderately wounded.
The blast sends you backwards. Magical energy flows into your mind!
Acid dripping from the walls corrodes you.
You enter a teleport trap!
The teleport trap disappears.
Your surroundings seem slightly different.
The acid blob hits you!!
You die...
Hepliaklqana delivers you to your ancestors.

#...#...#.##......#.##
#...#.#.............#
#...................#
#..#.#............##
####.........#.#....#
##.#.............##.##
######.................###
##.##..................##
##...........J@.>.....###
#...#..........§....###
###..#..........#......# #
##...#................##.##
#...#.....................#
.......##...#..........#.##
.......#....#.#.#.....#.##
.......##......##....#...#
.......##...#..###......##


You could see an acid blob.

Vanquished Creatures
  the Lernaean hydra (Swamp:4)
  A caustic shrike (Depths:2)
  the Enchantress (Depths:1)
  2 doom hounds (Crypt:2)
  A Tzitzimitl (Crypt:2)
  A shard shrike zombie (Crypt:3)
  Rupert (Lair:3)
  2 tentacled monstrosities
  A deep elf blademaster (Elf:2)
  A lich (Depths:1)
  A walking divine tome (Depths:3)
  An acid blob (Slime:3)
  A quicksilver dragon (Depths:3)
  Gastronok (D:8)
  A sphinx (Depths:1)
  Agnes (Elf:2)
  A tengu reaver (Depths:2)
  A thorn hunter (Swamp:4)
  3 nagarajas
  A revenant (Crypt:2)
  An iron dragon (Depths:2)
  2 frost giants
  3 fire giants
  A deep elf sorcerer (Elf:1)
  A juggernaut zombie (Crypt:3)
  A vault warden (Vaults:2)
  An orc warlord (Vaults:2)
  A curse skull (Crypt:3)
  2 ironbound preservers
  A quicksilver ooze (Vaults:3)
  2 ghouls
  2 spriggan defenders (Depths:1)
  6 very ugly things
  An ironbound thunderhulk (Vaults:2)
  A formless jellyfish (Slime:3)
  A caustic shrike skeleton (Depths:2)
  3 stone giants
  An eleionoma (Swamp:3)
  4 vampire knights
  A war gargoyle (Vaults:4)
  A spark wasp (Depths:3)
  A yellow draconian (Depths:4)
  2 ettins
  3 fire dragons
  Josephine (D:11)
  2 jiangshi (Crypt:3)
  A yaktaur captain (Vaults:4)
  2 great orbs of eyes
  A rakshasa (Depths:1)
  A vault guard (Vaults:2)
  4 spriggan air magi
  6 hydras
  A sphinx zombie (Crypt:2)
  A salamander tyrant (Snake:4)
  3 ironbound frosthearts
  An ogre mage (Orc:2)
  A spriggan skeleton (Crypt:2)
  8 centaur warriors
  4 alligators
  2 ice dragons
  A radroach (WizLab)
  Erica (Lair:1)
  14 dancing weapons
  3 boulder beetles
  4 two-headed ogres
  2 naga warriors
  A tengu warrior (D:13)
  4 vampire magi
  2 shock serpents (Snake:3)
  A hell hog (Lair:5)
  A deep troll shaman (Depths:3)
  4 orc high priests
  A hell knight (Depths:1)
  Urug (Lair:3)
  3 spriggan berserkers
  A shock serpent (shapeshifter) (WizLab)
  Sonja (D:10)
  Nergalle (D:11)
  7 deep elf knights
  17 skeletal warriors
  2 bunyip zombies (Crypt:3)
  A fire crab (D:15)
  2 skysharks
  Amaemon (Lair:1)
  A storm dragon skeleton (Depths:3)
  A deep troll (shapeshifter) (Vaults:2)
  7 deep trolls
  A sea snake (shapeshifter) (Elf:1)
  An anaconda zombie (Crypt:3)
  6 swamp dragons
  A spriggan rider (Swamp:3)
  6 mana vipers
  A naga ritualist (Snake:3)
  3 deep elf archers
  A bog body (Swamp:1)
  A spriggan druid (Swamp:2)
  3 lindwurms
  3 arcanists
  A thermic dynamo (Elf:1)
  8 deep elf pyromancers
  5 necromancers
  2 wolf spiders
  14 deep elf zephyrmancers
  8 orc knights
  2 cyclopes
  An orc sorcerer (Orc:2)
  15 ugly things
  A shining eye (Slime:3)
  A will-o-the-wisp (Swamp:2)
  An elephant (shapeshifter) (WizLab)
  2 large abominations (WizLab)
  An eleionoma zombie (Swamp:3)
  A meliai (D:15)
  2 oklob plants (Lair:4)
  3 manticores
  Maurice (D:7)
  A salamander (Snake:3)
  3 vault sentinels
  A moth of wrath (shapeshifter) (WizLab)
  A stone giant skeleton (Crypt:2)
  A centaur zombie (Crypt:3)
  12 black mambas
  22 elephants
  A gargoyle (Gauntlet)
  2 naga magi (Snake:4)
  Maggie (D:7)
  A torpor snail (Lair:5)
  11 cane toads
  An orange demon (Lair:1)
  Jeremiah (D:6)
  7 yaktaurs
  14 komodo dragons
  An unseen horror (D:11)
  5 rime drakes
  A black draconian zombie (Crypt:1)
  2 efreet (D:13)
  11 ice devils (IceCv)
  A purple draconian zombie (Crypt:2)
  3 freezing wraiths
  A kobold demonologist (D:12)
  An unseen horror zombie (Crypt:2)
  Psyche (D:8)
  A redback zombie (Crypt:2)
  A tengu conjurer (D:13)
  A harpy zombie (Crypt:3)
  A tormentor (Crypt:1)
  An anaconda simulacrum (IceCv)
  The ghost of Skimidon the Skirmisher, a novice VSHu (D:3)
  7 trolls
  3 blink frogs (Lair:5)
  10 polar bears (Lair:5)
  2 bloated husks (Swamp:2)
  10 nameless horrors
  5 hornets
  A glass eye (WizLab)
  An ettin zombie (Crypt:1)
  A vampire (D:11)
  8 wraiths
  Sigmund (D:2)
  A centaur simulacrum (Crypt:2)
  2 black mamba zombies
  2 water elementals
  A dire elephant simulacrum (IceCv)
  22 slime creatures
  2 shadows
  3 fire bats (Gauntlet)
  11 wargs
  7 spriggans
  7 basilisks
  41 yaks
  6 wyverns
  2 fire elementals (D:13)
  A steam dragon (Lair:4)
  9 vampire mosquitoes
  6 swamp worms
  3 death yak simulacra (IceCv)
  14 nagas
  A small abomination (WizLab)
  2 acid dragons
  An acid dragon (shapeshifter) (Elf:1)
  2 harpy simulacra (IceCv)
  3 hydra simulacra (IceCv)
  A swamp worm (shapeshifter) (WizLab)
  8 water moccasins
  16 hell hounds
  A merfolk skeleton (Crypt:1)
  A swamp drake (Swamp:2)
  22 orc warriors
  6 ice beasts
  12 black bears
  A swamp dragon zombie (Crypt:3)
  46 wolves
  14 laughing skulls
  26 centaurs
  3 ogres
  A phantom (D:4)
  4 kobold brigands
  10 bullfrogs
  4 scorpions
  3 gnoll sergeants
  3 cane toad simulacra (IceCv)
  7 wights
  A spriggan zombie (Swamp:1)
  A troll zombie (D:9)
  5 elephant simulacra (IceCv)
  7 killer bees
  The ghost of lugworm the Changeling, a weakling DgSh (D:3)
  2 electric eels (D:9)
  10 howler monkeys
  6 bombardier beetles
  28 orc priests
  Crazy Yiuf (D:7)
  2 hounds
  A jelly (D:6)
  2 gnoll boudas
  Jessica (D:3)
  Natasha (thrice) (D:2)
  Terence (D:3)
  9 iguanas
  23 orc wizards
  5 hell rats (Lair:1)
  A troll simulacrum (IceCv)
  A wolf simulacrum (IceCv)
  A spriggan simulacrum (IceCv)
  8 polar bear simulacra (IceCv)
  7 ogre zombies (D:9)
  A deep dwarf skeleton (Crypt:1)
  A hound zombie (Crypt:2)
  28 gnolls
  7 adders
  2 naga simulacra (IceCv)
  2 shadow imps (D:7)
  4 white imps
  3 ufetubi
  A dart slug (D:1)
  5 ribbon worms
  73 orcs
  5 ball pythons
  6 endoplasms
  2 giant cockroaches
  9 goblins
  5 hobgoblins
  3 jackals (D:1)
  4 quokkas
  4 bats
  2 frilled lizards
  A frilled lizard zombie (Crypt:2)
  2 gnoll skeletons (D:9)
  2 gnoll zombies (D:9)
  21 kobolds
  3 orc skeletons (D:9)
  18 orc zombies (D:9)
  9 rats
1137 creatures vanquished.

Vanquished Creatures (collateral kills)
  A dread lich (Crypt:3)
  A juggernaut (Depths:3)
  The ghost of Mafape the Warrior, a veteran OnGl of Okawaru (Depths:1)
  2 caustic shrikes (Depths:3)
  A golden dragon (Depths:2)
  Norris (Elf:3)
  Nikola (Elf:2)
  A mutant beast (WizLab)
  A doom hound (Crypt:2)
  A Tzitzimitl (Crypt:2)
  A shard shrike skeleton (Crypt:3)
  3 tentacled monstrosities
  A walking earthen tome (Depths:3)
  2 liches
  2 quicksilver dragons (Depths:2)
  2 deep elf blademasters (Elf:3)
  A titan (Depths:3)
  2 walking frostbound tomes
  Grunn (Crypt:2)
  7 sphinxes
  2 deep elf master archers (Elf:3)
  3 acid blobs
  An ancient champion (Crypt:1)
  A storm dragon (Depths:4)
  4 tengu reavers
  Roxanne (D:14)
  5 fire giants
  Aizul (Snake:2)
  An azure jelly (Slime:3)
  A rockslime (Slime:3)
  6 nagarajas
  9 deep elf sorcerers
  9 vault wardens
  A draconian monk (Depths:4)
  3 frost giants
  2 deep elf elementalists (Elf:3)
  3 iron dragons
  8 ghouls
  2 reapers
  A juggernaut skeleton (Depths:2)
  A spriggan defender (Depths:1)
  9 ironbound preservers
  A draconian stormcaller (Depths:4)
  7 stone giants
  4 quicksilver oozes
  5 formless jellyfish
  15 very ugly things
  6 ironbound thunderhulks
  4 deep elf death magi
  Nessos (D:12)
  3 deep elf annihilators (Elf:3)
  4 deep elf demonologists (Elf:3)
  4 eleionomae
  A minotaur (Gauntlet)
  A dire elephant (Vaults:3)
  11 vampire knights
  Azrael (D:13)
  A bunyip (Swamp:3)
  2 yellow draconians (Depths:4)
  8 spark wasps
  A purple draconian (Depths:4)
  5 eidola
  A green death (Gauntlet)
  Snorg (D:13)
  2 crystal guardians
  4 yaktaur captains
  6 ettins
  11 jiangshi
  A quicksilver dragon zombie (Depths:3)
  A fenstrider witch zombie (Crypt:1)
  4 fire dragons
  2 deep elf high priests (Elf:3)
  2 salamander tyrants (Snake:4)
  8 hydras
  6 ice dragons
  8 great orbs of eyes
  3 vault guards
  A sphinx zombie (Depths:2)
  2 ghost crabs
  6 ironbound frosthearts
  2 catoblepae
  A spriggan air mage (Depths:1)
  A peacekeeper (Vaults:3)
  A two-headed ogre (shapeshifter) (WizLab)
  4 rakshasas
  A fenstrider witch skeleton (Crypt:1)
  A boulder beetle (D:14)
  7 alligators
  2 radroaches (WizLab)
  8 anacondas
  10 dancing weapons
  A death knight (Crypt:1)
  2 centaur warriors
  5 deep troll shamans
  9 naga warriors
  4 deep troll earth magi
  A sphinx skeleton (Depths:3)
  9 vampire magi
  3 shock serpents (Snake:3)
  7 spriggan berserkers
  A titan zombie (Vaults:4)
  4 orc high priests
  A tengu warrior (Depths:1)
  An occultist (Depths:2)
  A soul eater (Crypt:3)
  8 naga sharpshooters
  An emperor scorpion zombie (Crypt:2)
  4 iron trolls
  13 deep elf knights
  A skyshark (Elf:3)
  3 hell knights (Depths:1)
  3 salamander mystics
  3 shadow wraiths
  3 goliath frogs
  19 skeletal warriors
  An iron giant zombie (Crypt:1)
  6 glowing orange brains
  9 spriggan druids
  3 spriggan riders
  3 glowing orange brains (shapeshifter) (WizLab)
  5 naga ritualists
  43 deep trolls
  2 arcanists (Vaults:3)
  10 swamp dragons
  8 mana vipers
  2 flayed ghosts
  An anaconda zombie (Snake:2)
  2 deep trolls (shapeshifter) (WizLab)
  8 ironbound convokers
  A sun moth (shapeshifter) (WizLab)
  5 lindwurms (Vaults:1)
  4 bog bodies
  10 deep elf archers
  21 deep elf pyromancers
  17 phantasmal warriors
  5 thermic dynamos
  A lindwurm (shapeshifter) (WizLab)
  5 large abominations (WizLab)
  A tengu zombie (Depths:3)
  5 necromancers
  4 orc knights
  18 deep elf zephyrmancers
  An orc sorcerer (Orc:2)
  2 alligator zombies (Swamp:1)
  A wolf spider (shapeshifter) (WizLab)
  A steelbarb worm (shapeshifter) (WizLab)
  2 cyclopes
  An oklob plant (Snake:3)
  A shining eye (Slime:3)
  A sphinx simulacrum (Depths:2)
  A faun (shapeshifter) (Elf:1)
  A stone giant zombie (Crypt:3)
  21 ugly things
  An elf skeleton (Vaults:4)
  A shining eye (shapeshifter) (WizLab)
  An alligator skeleton (Crypt:2)
  12 salamanders
  2 meliai (D:15)
  A salamander (shapeshifter) (WizLab)
  A dire elephant zombie (Crypt:3)
  A meliai (shapeshifter) (Elf:1)
  20 black mambas
  3 black mambas (shapeshifter)
  A shadow dragon skeleton (Vaults:4)
  A mana viper zombie (Snake:3)
  2 guardian serpents
  10 vault sentinels
  A water nymph (shapeshifter) (WizLab)
  6 naga magi
  A salamander zombie (Snake:4)
  An ice statue (IceCv)
  A storm dragon simulacrum (Depths:3)
  A naga skeleton (Crypt:1)
  A shock serpent skeleton (Crypt:3)
  A pale draconian zombie (Crypt:2)
  An orange demon (Gauntlet)
  2 cane toads (shapeshifter)
  2 gargoyles
  23 yaktaurs
  A black draconian skeleton (Crypt:1)
  2 yaktaurs (shapeshifter)
  A purple draconian skeleton (Crypt:3)
  3 ice devils (IceCv)
  3 tormentors
  2 freezing wraiths
  4 guardian mummies (Crypt:3)
  2 tengu conjurers
  A merfolk (shapeshifter) (WizLab)
  A yellow draconian skeleton (Crypt:3)
  2 knights
  2 harpy zombies (Crypt:3)
  6 hornets
  A bloated husk (Swamp:1)
  2 nameless horrors
  8 tyrant leeches
  A glass eye (shapeshifter) (WizLab)
  5 glass eyes
  43 slime creatures
  A guardian serpent zombie (Snake:1)
  A black mamba zombie (Snake:4)
  7 spriggans
  9 wraiths
  3 air elementals
  A fire bat (Gauntlet)
  3 water elementals
  A basilisk (shapeshifter) (Elf:1)
  A yak (shapeshifter) (Elf:1)
  2 wargs
  A fire elemental (Elf:1)
  An iron golem (WizLab)
  4 redbacks (Depths:3)
  3 vampire mosquitoes
  8 swamp worms
  39 nagas
  A water moccasin (Snake:3)
  9 orc warriors
  6 swamp drakes
  A hornet zombie (Swamp:3)
  10 laughing skulls (Crypt:1)
  A swamp dragon zombie (Swamp:2)
  5 small abominations (WizLab)
  2 ogres
  2 centaurs (D:14)
  A human skeleton (Vaults:4)
  A kobold brigand (D:12)
  A scorpion (shapeshifter) (Elf:1)
  A glowing shapeshifter simulacrum (Vaults:4)
  An earth elemental (Elf:2)
  A troll skeleton (Crypt:3)
  A howler monkey (shapeshifter) (Elf:2)
  A bullfrog skeleton (Crypt:3)
  10 orc priests (Orc:2)
  5 orc wizards
  An acid dragon zombie (Crypt:1)
  10 naga zombies
  A brain worm zombie (Crypt:1)
  A tengu skeleton (Crypt:1)
  An iguana skeleton (Crypt:3)
  15 orcs
  A dart slug zombie (Crypt:3)
  A gnoll skeleton (Crypt:3)
  A kobold (D:12)
1004 creatures vanquished.

Vanquished Creatures (others)
  A vault warden (Vaults:4)
  A deep elf elementalist (Elf:3)
  A stone giant (Vaults:3)
  2 deep elf demonologists (Elf:3)
  A fire dragon (Depths:3)
  A deep elf archer (Elf:1)
  2 deep elf zephyrmancers
  4 deep elf pyromancers
  2 yaktaurs (Vaults:2)
  A bloated husk (Swamp:1)
  A troll (shapeshifter) (Elf:1)
  A nameless horror (Depths:1)
  A slime creature (Slime:1)
  A vampire (D:13)
  A yak (Lair:5)
  A redback (Depths:3)
  2 ancestors (Swamp:3)
  A centaur (D:13)
  12 knights
  4 foxfires (Swamp:2)
41 creatures vanquished.

Grand Total: 2182 creatures vanquished

Notes
Turn   | Place    | Note
-------+----------+-------------------------------------------
     0 | D:1      | KhaoChiang the Mummy Earth Elementalist began the quest for
                  | the Orb.
     0 | D:1      | Reached XP level 1. HP: 13/13 MP: 4/4
    64 | D:1      | Reached skill level 1 in Conjurations
   178 | D:1      | Reached XP level 2. HP: 19/19 MP: 1/5
  1075 | D:2      | Noticed Natasha
  1075 | D:2      | Found Aleigh's Antique Armour Boutique.
  1160 | D:2      | Killed Natasha
  1161 | D:2      | Reached XP level 3. HP: 24/24 MP: 4/7
  1165 | D:2      | Learned a level 3 spell: Stone Arrow
  1405 | D:2      | Reached XP level 4. HP: 30/30 MP: 5/8
  1590 | D:2      | Noticed Sigmund
  1839 | D:2      | Noticed Natasha
  1846 | D:2      | Killed Natasha
  1878 | D:2      | Noticed Natasha
  1882 | D:2      | Killed Natasha
  1970 | D:2      | Reached XP level 5. HP: 35/35 MP: 6/9
  2378 | D:2      | Killed Sigmund
  2379 | D:2      | Reached XP level 6. HP: 41/41 MP: 6/10
  2556 | D:3      | Reached skill level 5 in Earth Magic
  2612 | D:3      | Identified the +5 whip of Ahachink {chaos, ^Fragile rElec
                  | rCorr Int+4}
  2698 | D:3      | Noticed Terence
  2709 | D:3      | Killed Terence
  2873 | D:3      | Noticed Jessica
  2877 | D:3      | Killed Jessica
  2953 | D:3      | Found a faded altar of an unknown god.
  3122 | D:3      | Found a runed translucent gate.
  3122 | D:3      | Found a runed translucent gate.
  3123 | D:3      | Found a runed translucent gate.
  3125 | D:3      | Noticed Skimidon's ghost (novice VSHu)
  3125 | D:3      | Noticed lugworm's ghost (weakling DgSh)
  3736 | D:4      | Reached XP level 7. HP: 46/46 MP: 7/11
  4122 | D:4      | Reached skill level 1 in Fighting
  4545 | D:4      | Found a shimmering altar of Xom.
  5279 | D:5      | Entered Level 5 of the Dungeon
  5293 | D:4      | Reached skill level 5 in Spellcasting
  5296 | D:4      | Reached XP level 8. HP: 43/58 MP: 4/16
  5866 | D:5      | Found a broken altar of Ashenzari.
  6003 | D:5      | Reached skill level 5 in Fighting
  6730 | D:6      | Reached XP level 9. HP: 53/69 MP: 8/21
  6955 | D:6      | Found a staircase to the Ecumenical Temple.
  6963 | Temple   | Entered the Ecumenical Temple
  7035 | Temple   | Became a worshipper of Kikubaaqudgha
  7641 | D:7      | Noticed Maggie
  7650 | D:7      | Killed Maggie
  7678 | D:7      | Noticed a two-headed ogre
  8053 | D:7      | Noticed Maurice
  8102 | D:7      | Found a runed translucent door.
  8103 | D:7      | Noticed Crazy Yiuf
  8210 | D:7      | Maurice stole a +2 scythe of protection
  8212 | D:7      | Killed Maurice
  8706 | D:7      | Reached * piety under Kikubaaqudgha
  8706 | D:7      | Received a gift from Kikubaaqudgha
  8838 | D:7      | Reached XP level 10. HP: 68/80 MP: 16/23
  8943 | D:7      | Noticed Jeremiah
  8958 | D:6      | Killed Jeremiah
  8959 | D:6      | Reached skill level 5 in Stealth
  8959 | D:6      | Reached skill level 10 in Spellcasting
  9234 | D:7      | Killed a two-headed ogre
  9390 | D:7      | Killed Crazy Yiuf
  9538 | D:8      | Noticed Gastronok
  9562 | D:8      | Killed Gastronok
  9847 | D:8      | Noticed Psyche
  9853 | D:8      | Killed Psyche
 10006 | D:8      | You fall into a shaft and drop 2 floors!
 10006 | D:10     | Entered Level 10 of the Dungeon
 10067 | D:10     | Noticed Sonja
 10083 | D:10     | Killed Sonja
 10129 | D:10     | Reached skill level 10 in Fighting
 10311 | D:10     | Identified the +0 ring mail of the Old World {rF+ Slay+2}
 10342 | D:10     | Reached ** piety under Kikubaaqudgha
 10622 | D:10     | Reached XP level 11. HP: 90/90 MP: 18/25
 10849 | D:9      | Reached skill level 1 in Necromancy
 11093 | D:10     | Reached skill level 1 in Summonings
 11127 | D:10     | Reached *** piety under Kikubaaqudgha
 11127 | D:10     | Received a gift from Kikubaaqudgha
 12151 | D:9      | Noticed a two-headed ogre
 12158 | D:8      | Killed a two-headed ogre
 12587 | D:9      | Found a staircase to the Orcish Mines.
 12624 | D:9      | Reached **** piety under Kikubaaqudgha
 13420 | D:11     | Noticed Josephine
 13447 | D:11     | Reached skill level 5 in Necromancy
 13639 | D:11     | Noticed Nergalle
 13648 | D:11     | Killed Nergalle
 13878 | D:11     | Killed Josephine
 13897 | D:10     | Learned a level 5 spell: Borgnjor's Vile Clutch
 14082 | D:11     | Reached ***** piety under Kikubaaqudgha
 14910 | D:11     | Found a staircase to the Lair.
 15571 | D:3      | Killed Skimidon's ghost
 15572 | D:3      | Reached skill level 5 in Summonings
 15572 | D:3      | Reached XP level 12. HP: 93/97 MP: 22/26
 15573 | D:3      | Killed lugworm's ghost
 15865 | Lair:1   | Entered Level 1 of the Lair of Beasts
 16523 | Lair:1   | Noticed Erica
 16569 | Lair:1   | Killed Erica
 17144 | Lair:1   | Noticed Amaemon
 17503 | Lair:1   | Killed Amaemon
 17743 | Lair:1   | Reached skill level 10 in Necromancy
 18547 | Lair:2   | Found a staircase to the Snake Pit.
 19477 | Lair:3   | Noticed Urug
 19692 | Lair:3   | Identified the +3 sling of Superiority {antimagic, Str+3}
 19695 | Lair:3   | Noticed an eight-headed hydra
 19701 | Lair:3   | Noticed Rupert
 19774 | Lair:3   | Paralysed by Rupert for 4 turns
 19778 | Lair:3   | Killed Rupert
 19779 | Lair:3   | Gained mutation: You are strongly in touch with the powers
                  | of death. [Mummy growth]
 19779 | Lair:3   | Reached XP level 13. HP: 78/103 MP: 1/27
 21078 | Lair:3   | Killed Urug
 21709 | Lair:3   | You fall into a shaft and drop 1 floor!
 22047 | Lair:3   | Found a staircase to the Swamp.
 22497 | Lair:4   | Reached ****** piety under Kikubaaqudgha
 22640 | Lair:4   | Received a gift from Kikubaaqudgha (forbidden knowledge)
 23462 | Lair:4   | Found a staircase to the Slime Pits.
 23464 | Lair:4   | Found a viscous altar of Jiyva.
 24360 | Lair:5   | Entered Level 5 of the Lair of Beasts
 24635 | Lair:5   | Reached skill level 1 in Hexes
 26232 | Lair:5   | Reached XP level 14. HP: 81/110 MP: 1/28
 27596 | Lair:5   | Learned a level 5 spell: Summon Mana Viper
 27938 | Lair:5   | Reached skill level 10 in Summonings
 29202 | Lair:5   | Identified the +0 chain mail of Magic {rC+++ Int+2}
 30601 | D:12     | Noticed Nessos
 31375 | D:12     | Killed Nessos
 31576 | Orc:1    | Entered Level 1 of the Orcish Mines
 31627 | Orc:1    | Reached skill level 5 in Hexes
 31788 | Orc:1    | Found a bloodstained altar of Trog.
 31991 | Orc:2    | Entered Level 2 of the Orcish Mines
 32400 | Orc:2    | Found a staircase to the Elven Halls.
 34081 | Orc:2    | Reached XP level 15. HP: 79/115 MP: 10/31
 34394 | Orc:2    | Found Xoub's Armour Emporium.
 34397 | Orc:2    | Found Qovooh's Antique Armour Shoppe.
 34398 | Orc:2    | Found Ywualo's Armour Emporium.
 34399 | Orc:2    | Found Sefrokojuh's Distillery.
 34531 | Orc:2    | Bought an embroidered scarf for 280 gold pieces
 34695 | D:12     | Upgraded the game from 0.32-a0-471-gb91d5d9764 to
                  | 0.32-a0-484-g2eb335deba
 34812 | D:13     | Noticed Azrael
 34812 | D:13     | Found a portal to a secret trove of treasure.
 35036 | D:13     | Noticed Snorg
 35226 | D:13     | Found a frozen archway.
 35239 | IceCv    | Entered an ice cave
 35761 | IceCv    | Found an ancient bone altar of Kikubaaqudgha.
 36515 | IceCv    | Learned a level 7 spell: Haunt
 36726 | IceCv    | Identified the ring "Fydengegaxt" {*Slow rPois rN+ Int+3
                  | Dex+3}
 37130 | D:13     | Killed Snorg
 37256 | D:13     | Reached skill level 15 in Necromancy
 37899 | D:13     | Killed Azrael
 38078 | D:14     | Noticed Roxanne
 38086 | D:14     | Killed Roxanne
 38885 | D:14     | Found a gate to the Vaults.
 39015 | D:15     | Entered Level 15 of the Dungeon
 39053 | D:15     | Found a gate leading to a gauntlet.
 39067 | Gauntlet | Entered a Gauntlet
 39067 | Gauntlet | Found a transporter.
 39067 | Gauntlet | Found a transporter.
 39148 | Gauntlet | Found a transporter.
 39150 | Gauntlet | Found a transporter.
 39158 | Gauntlet | Found a transporter.
 39162 | Gauntlet | Found a transporter.
 39164 | Gauntlet | Found a transporter.
 39172 | Gauntlet | Found a transporter.
 39181 | Gauntlet | Found the ring of the Tortoise {AC+8}
 39264 | Gauntlet | Found a transporter.
 39265 | Gauntlet | Found a transporter.
 39278 | Gauntlet | Found a transporter.
 39288 | Gauntlet | Found a transporter.
 39972 | Gauntlet | Identified the +1 robe of the Earth {Str+5 Int-5 SInv}
 39972 | Gauntlet | Identified the +1 robe of Xutufydgh {Int+4 Dex+2}
 40112 | D:15     | Found a staircase to the Depths.
 40191 | D:15     | Reached XP level 16. HP: 116/122 MP: 29/34
 40560 | D:15     | Identified the orb "Pekoav" {*channel, rElec Str-4 Int+8
                  | Stlth+}
 40788 | D:15     | Found a runed translucent door.
 40853 | D:15     | Noticed a tengu reaver
 41468 | D:15     | Killed a tengu reaver
 42051 | Swamp:1  | Entered Level 1 of the Swamp
 42527 | Elf:1    | Entered Level 1 of the Elven Halls
 42847 | Temple   | Fell from the grace of Kikubaaqudgha
 42847 | Temple   | Became a worshipper of Hepliaklqana the Forgotten
 44450 | Swamp:2  | Reached * piety under Hepliaklqana
 45158 | Swamp:3  | Noticed a tentacled monstrosity
 45173 | Swamp:3  | Killed a tentacled monstrosity
 45705 | Swamp:3  | Reached ** piety under Hepliaklqana
 45965 | Lair:3   | Remembered your ancestor Relad as a knight
 46025 | Snake:1  | Entered Level 1 of the Snake Pit
 46295 | Snake:1  | Reached skill level 5 in Dodging
 46523 | Snake:1  | Reached XP level 17. HP: 110/117 MP: 9/35
 46985 | Snake:2  | Reached skill level 15 in Spellcasting
 47230 | Snake:2  | Identified the serpent talisman of Limited Liability {rCorr
                  | Str+5 Int+4 Dex-3}
 47230 | Snake:2  | Noticed Aizul
 47237 | Snake:2  | Killed Aizul
 47333 | Snake:2  | Reached *** piety under Hepliaklqana
 48246 | Snake:3  | Identified the +0 plate armour of the Sandy God {rN+}
 48470 | Snake:3  | Found a blossoming altar of Fedhas.
 48813 | Snake:3  | Found Kife Tuo's Jewellery Boutique.
 48813 | Snake:3  | Found Umigahe's Antique Armour Boutique.
 48817 | Snake:3  | Found Boiqess's Distillery.
 48818 | Snake:3  | Found Uxeadoof's Distillery.
 49264 | Snake:3  | Bought the ring of the Gastropod {Wiz Str+3 Int+3} for 595
                  | gold pieces
 49275 | Snake:3  | Learned a level 8 spell: Infestation
 49283 | Snake:3  | Learned a level 7 spell: Monstrous Menagerie
 49340 | Snake:4  | Entered Level 4 of the Snake Pit
 49368 | Snake:4  | Found a shadowy altar of Dithmenos.
 49404 | Snake:4  | Reached **** piety under Hepliaklqana
 50774 | Snake:4  | Reached XP level 18. HP: 126/126 MP: 16/38
 50944 | Snake:4  | Got a serpentine rune of Zot
 50986 | Snake:4  | Was forgiven by Kikubaaqudgha
 51215 | Swamp:4  | Entered Level 4 of the Swamp
 51292 | Swamp:4  | Noticed the 27-headed Lernaean hydra
 51315 | Swamp:4  | Killed the 27-headed Lernaean hydra
 51578 | Swamp:4  | Reached ***** piety under Hepliaklqana
 51784 | Swamp:4  | Got a decaying rune of Zot
 52752 | Snake:3  | Bought a pair of glowing boots for 240 gold pieces
 53074 | Vaults:1 | Entered Level 1 of the Vaults
 53481 | Vaults:1 | Identified the +10 flail of Drought {freeze, rElec Int+3}
 53640 | Vaults:1 | Found Daleser's Assorted Antiques.
 54291 | Vaults:1 | Identified the +6 shortbow "Waaritor" {drain, +Blink Fly
                  | rC-}
 55172 | Vaults:2 | Found a staircase to the Crypt.
 55220 | Vaults:2 | Reached XP level 19. HP: 138/138 MP: 17/41
 55225 | Vaults:2 | Reached skill level 15 in Fighting
 56527 | Vaults:3 | Found a runed translucent door.
 56816 | Vaults:3 | Reached skill level 1 in Invocations
 56913 | Vaults:3 | Found Vilo Eklygu's Jewellery Boutique.
 57376 | Vaults:3 | Found Evozushu's Armour Emporium.
 57686 | Vaults:3 | Identified the +7 long sword of Gathunirr {vamp, Str+2
                  | Dex+4}
 57687 | Vaults:3 | Identified the +2 leather armour "Zieggun" {rC+ Dex+3 SInv}
 57770 | Vaults:3 | Reached ****** piety under Hepliaklqana
 58480 | Vaults:4 | Reached skill level 5 in Invocations
 59030 | Vaults:4 | Reached XP level 20. HP: 133/145 MP: 27/42
 59508 | Crypt:1  | Entered Level 1 of the Crypt
 60018 | Crypt:1  | Reached skill level 10 in Hexes
 60521 | Crypt:1  | Found a basalt altar of Yredelemnul.
 61398 | Crypt:2  | Noticed Grunn
 61398 | Crypt:2  | Noticed a doom hound
 61398 | Crypt:2  | Noticed a doom hound
 61399 | Crypt:2  | Noticed a doom hound
 61405 | Crypt:2  | Killed a doom hound
 61912 | Crypt:2  | Killed a doom hound
 61912 | Crypt:2  | Killed Grunn
 61921 | Crypt:2  | Killed a doom hound
 62208 | Crypt:3  | Entered Level 3 of the Crypt
 62423 | Crypt:3  | Paralysed by a vampire knight for 3 turns
 62432 | Crypt:3  | Reached skill level 10 in Dodging
 63150 | Crypt:3  | Found a shimmering altar of Xom.
 63284 | Crypt:3  | Identified the staff of Premature Burial {^Fragile rElec
                  | rN+ Necro Fire}
 63526 | Crypt:3  | Identified the ring of Uwkea {rElec AC+4 Int+9 Dex-2
                  | Stlth-}
 63536 | Crypt:3  | Paralysed by something for 5 turns
 63537 | Crypt:3  | Noticed a dread lich
 63887 | Crypt:3  | Reached XP level 21. HP: 115/151 MP: 37/43
 64061 | Crypt:3  | Identified the +0 robe of Instinct {rPois rF- Str+5}
 64171 | Crypt:3  | Reached skill level 10 in Invocations
 64247 | Crypt:3  | Killed a dread lich
 64542 | Crypt:3  | Found a staircase to the Tomb.
 65171 | Crypt:3  | Got the Compilation of Support
 65567 | Depths:1 | Entered Level 1 of the Depths
 65649 | Depths:1 | Noticed the Enchantress
 65659 | Depths:1 | Killed the Enchantress
 65792 | Depths:1 | HP: 5/153 [hell knight/bolt of fire (10)]
 66186 | D:13     | You paid a toll of 6 scrolls of fear to enter a treasure
                  | trove
 66187 | Trove    | Entered a treasure trove
 66201 | Trove    | Identified the +9 sling of Okolode {speed, rElec Will+++
                  | Int-5}
 66209 | Trove    | Identified the +1 demon trident of Capital Punishment
                  | {heavy, *Corrode rElec SInv}
 66210 | Trove    | Identified the +1 executioner's axe of the Egg {protect,
                  | *Corrode rN+ Will+}
 66221 | Trove    | Found the +8 arc blade {discharge, rElec}
 66221 | Trove    | Found the +6 arbalest "Damnation" {damnation}
 66225 | Trove    | Identified the +5 lajatang "Gefos" {venom, ^Drain rElec rC+
                  | Int+6}
 66309 | D:13     | Learned a level 8 spell: Discord
 66318 | D:13     | Learned a level 8 spell: Summon Horrible Things
 66860 | Depths:1 | Found a runed translucent door.
 66883 | Depths:1 | Noticed Mafape's ghost (veteran OnGl)
 67076 | Depths:1 | Found a shimmering blue altar of Sif Muna.
 67214 | Depths:1 | Found a one-way gateway to a ziggurat.
 67406 | Depths:1 | Found a gateway to Hell.
 67751 | Depths:1 | Identified the +0 hand axe "Riufois" {flame, Stlth+}
 67937 | Depths:1 | Killed Mafape's ghost
 68036 | Depths:2 | Found a one-way gate leading to the halls of Pandemonium.
 68228 | Depths:2 | Found a one-way gate to the infinite horrors of the Abyss.
 68743 | Depths:2 | Noticed a golden dragon
 68746 | Depths:2 | Killed a golden dragon
 69295 | Depths:2 | Noticed a caustic shrike
 69307 | Depths:2 | Killed a caustic shrike
 69308 | Depths:2 | Reached XP level 22. HP: 104/161 MP: 32/44
 69889 | Depths:3 | Found a hazy altar of Hepliaklqana.
 70752 | Depths:3 | Noticed a juggernaut
 71016 | Depths:3 | Reached skill level 15 in Summonings
 71023 | Depths:3 | Noticed a caustic shrike
 71032 | Depths:3 | Killed a caustic shrike
 71159 | Depths:3 | Killed a juggernaut
 71196 | Depths:3 | Noticed a caustic shrike
 71202 | Depths:3 | Killed a caustic shrike
 71283 | Depths:3 | Paralysed by a sphinx for 5 turns
 71790 | Depths:4 | Entered Level 4 of the Depths
 73018 | Depths:4 | Found a gate to the Realm of Zot.
 73224 | Depths:4 | Identified the +5 sling of Sulphur {speed, rPois Dex+4}
 73884 | Elf:1    | Reached XP level 23. HP: 167/172 MP: 45/45
 73978 | Elf:1    | Reached skill level 1 in Translocations
 74232 | Elf:1    | Found the +8 storm bow {elec, penet}
 74288 | Elf:1    | Paralysed by an air elemental for 1 turns
 74518 | Elf:1    | Got the Anthology of Xanthosis
 74531 | Elf:1    | Got the Encyclopedia of the Yliaster
 75076 | Elf:1    | Identified the ring "Laemm" {rC- rN+ Int+7 SInv}
 75224 | Elf:2    | Found a bloodstained altar of Trog.
 75279 | Elf:2    | Found a magical portal.
 75284 | WizLab   | Entered Cigotuvi's Fleshworks
 75582 | WizLab   | Found the -2 hat of the Alchemist {rElec rPois rF+ rC+ rN+
                  | Will+ rMut rCorr}
 75981 | WizLab   | Got Cigotuvi's Secrets of Venin
 76233 | Elf:2    | Paralysed by an air elemental for 1 turns
 76361 | Elf:2    | Noticed Agnes
 76369 | Elf:2    | Killed Agnes
 76371 | Elf:2    | Killed the ghostly Agnes
 76698 | Elf:2    | Found a runed translucent gate.
 76698 | Elf:2    | Found a runed translucent gate.
 76699 | Elf:2    | Found a runed translucent gate.
 76799 | Elf:2    | Got the Exposition on Confrontation and Dislocation
 76920 | Elf:2    | Noticed Nikola
 76923 | Elf:2    | Killed Nikola
 77095 | Elf:2    | Reached skill level 5 in Translocations
 77453 | Elf:3    | Entered Level 3 of the Elven Halls
 77896 | Elf:3    | Noticed Norris
 77908 | Elf:3    | Killed Norris
 78545 | Elf:3    | Reached XP level 24. HP: 88/183 MP: 6/45
 79071 | Elf:3    | Identified the amulet of Siuvitad {Faith Rampage Dex+3
                  | Slay+5}
 79145 | Elf:3    | Identified the +5 great mace "Ananoly" {freeze, rElec rC+++
                  | Str-3 Dex+2}
 79160 | Elf:3    | Got the Spellbook of Dislocated Bedrock
 79163 | Elf:3    | Identified the staff "Upnofuse" {rElec Will+ rCorr Stlth+
                  | Air}
 79165 | Elf:3    | Got the Incunable of Fateful Glaciation
 79172 | Elf:3    | Identified the +7 mace of Meager Resourcefulness {freeze,
                  | rPois Will+}
 79239 | Elf:3    | Learned a level 7 spell: Spellforged Servitor
 79248 | Elf:3    | Learned a level 6 spell: Bombard
 79600 | Slime:1  | Entered Level 1 of the Pits of Slime
 81048 | Slime:3  | Slain by an acid blob

Illustrated notes

Levels and vault maps discovered:
D:1:      wander_arrival_peaceful_grave, layout_basic, minmay_tromino_v2
D:2:      layout_basic, serial_shops, shop, nicolae_grassy_gnolls, uniq_sigmund,
          uniq_natasha
D:3:      layout_loops_cross, chequers_ecumenical_altar_simple_redux,
          gammafunk_ghost_cemetery, serial_bayou_pond_b, minivault_11,
          reono_crystal_passage, minmay_pentomino_pile, uniq_jessica,
          uniq_terence
D:4:      layout_gridville, regret_index_xom_buried_treasure, serial_glass,
          glass_columns_a, glass_columns_c, glass_columns_b, glass_columns_c
D:5:      layout_cave_pools, nicolae_ashenzari_skybound,
          minmay_manual_mandibuliform
D:6:      layout_loops_ring, temple_doors_ab, minmay_checkerbox
D:7:      layout_basic, minmay_fractal_squares_5, uniq_maurice, uniq_jeremiah,
          uniq_maggie, uniq_crazy_yiuf_cottage
D:8:      layout_basic, nicolae_figureground_pulse, uniq_gastronok, uniq_psyche
D:9:      layout_roguey, zombieorc2_lemuel, disabler_island
D:10:     layout_rooms, uniq_sonja
D:11:     layout_cave_pools, erik_lair_dragon, serial_rivers,
          chequers_serial_rivers_micro_d, chequers_serial_rivers_micro_d,
          chequers_serial_rivers_small_b, chequers_serial_rivers_room_b,
          chequers_serial_rivers_micro_c, uniq_josephine, uniq_nergalle
D:12:     layout_stronghold, uniq_nessos
D:13:     layout_basic, portal_ice_cave_rime, nicolae_trove_entry_isolated,
          lightli_fourway_metalbox, uniq_snorg, uniq_azrael
D:14:     layout_basic, erik_vaults_1, grunt_decor_one_mirror, uniq_roxanne
D:15:     hangedman_depths_entry_civil_slaughter, layout_irregular_city,
          gauntlet_entry_generic, dk_noncrumbling_4, minmay_hidden_floor
Temple:   mainiacjoe_temple_cubbyholes
Lair:1:   layout_concentric_octagons, uniq_erica, uniq_amaemon
Lair:2:   layout_hall_layers, minmay_snake_entry_guardpost_small,
          nicolae_lair_run_with_the_wolves
Lair:3:   layout_layer_cave, palyth_hydra_swamp_entry,
          pdpol_lair_neglected_garden, lemuel_fruit_fields, uniq_rupert,
          uniq_urug
Lair:4:   layout_regular_city, minmay_slime_entry_oklob_open, serial_rivers,
          chequers_serial_rivers_micro_c, chequers_serial_rivers_small_a,
          chequers_serial_rivers_micro_c, chequers_serial_rivers_micro_b,
          chequers_serial_rivers_room_a
Lair:5:   hangedman_lair_caniforms_friends, layout_cellular_growth,
          serial_bayou_crossing, lemuel_fruit_tree
Swamp:1:  layout_falls_marsh, evilmike_swamp_ruin_rubble_1, swamp_pool_1_2
Swamp:2:  layout_basic_swamp, nicolae_swamp_decorative_isthmus
Swamp:3:  layout_basic_swamp, nicolae_swamp_feature_on_the_river_bank,
          swamp_pool_1_2
Swamp:4:  swamp_old_school, layout_basic_swamp
Snake:1:  layout_onion
Snake:2:  layout_layer_cave, nicolae_twisty_statue_hallways, uniq_aizul
Snake:3:  cheibrodos_forgotten_conduit, layout_concentric_octagons,
          minmay_shop_grid_forest, serial_library_regret_index_split_case,
          grunt_ministairs_3, lemuel_oklob_altar
Snake:4:  minmay_snake_end_coiled, layout_gridlike, basic_altar
Slime:1:  layout_caves
Slime:2:  layout_caves
Slime:3:  layout_caves
Slime:4:  layout_caves, special_room [special_room_jelly]
Orc:1:    layout_diamond_mine, basic_altar
Orc:2:    st_orc_pillars, layout_caves, nicolae_orc_rockfall,
          guppyfry_orc_lava_fort
Elf:1:    minmay_elf_arrival_circle, layout_gridlike,
          nicolae_elf_shapeshifter_party, minmay_misc_feat_diagonals,
          grunt_ministairs_15, minmay_checkered_concentric_circles
Elf:2:    elven_hall_of_blades_hangedman_original
          [nicolae_blade_entry_area_security], layout_geoelf_diagonals,
          infiniplex_enter_wizlab_spiral, evilmike_spriggan_trog_shrine,
          uniq_nikola, uniq_agnes
Elf:3:    elf_hall, layout_geoelf_diagonals, hangedman_decor_cross_pass,
          uniq_norris
Vaults:1: hangedman_vaults_slither, v_rooms_4, nicolae_vaults_storage_closets_2,
          v_misc_3, nicolae_vaults_weapon_check, v_pattern_2,
          nicolae_vaults_little_squares_4, vaults_room_semicircle,
          nicolae_vaults_trapezoid_lopsided_4, nicolae_vaults_house_1,
          nicolae_vaults_house_1, nicolae_vaults_tetromino_T_2,
          layout_vaults_omnibox, serial_shops, shop
Vaults:2: nicolae_vaults_trapezoid_layered, grunt_vaults_diagonal, v_rooms_4,
          vaults_dpeg_hooks, nicolae_vaults_trapezoid_lopsided_1,
          vaults_dpeg_cross, vaults_dpeg_diagonal, ontoclasm_vaults_shout,
          nicolae_vaults_tetromino_L_2, layout_vaults_quadrants,
          dummy_crypt_entry
Vaults:3: nicolae_vaults_closet_pinwheel_1, nicolae_vaults_big_angled_halls,
          nicolae_vaults_tetromino_L_2, hangedman_vaults_nodes,
          nicolae_vaults_oozy_zoo, v_misc_4, nicolae_vaults_wine_cellar,
          v_misc_28, nicolae_vaults_tangram_1, v_misc_28,
          nicolae_vaults_gold_heap, nicolae_vaults_trapezoid_3,
          layout_vaults_maze, serial_shops, shop, nicolae_shop_rolling_square
Vaults:4: vaults_room_semicircle, nicolae_vaults_steering_wheel,
          nicolae_vaults_ninety_degrees, nicolae_vaults_offset_grid_hallway_1,
          nicolae_vaults_little_squares_1, ontoclasm_vaults_eye,
          vaults_standard_mumra_lines, nicolae_vaults_little_squares_4,
          nicolae_vaults_little_squares_4, nicolae_vaults_tetromino_Z_1,
          vaults_room_hallway, layout_vaults_omnicross
Crypt:1:  layout_gridlike, basic_altar, grunt_megastairs_2
Crypt:2:  layout_basic, uniq_grunn
Crypt:3:  church_of_pain_bobbens, layout_chaotic_city,
          tomb_entry_simple_bobbens, minmay_misc_feat_columns
Depths:1: layout_roguey, enter_ziggurat_b, lemuel_blue_sif_altar,
          gammafunk_ghost_grave, hell_entry, minmay_hedge_maze,
          evilmike_butchery, uniq_enchantress
Depths:2: cell_vault, layout_cave_shapes, nicolae_sextant, abyss_entry,
          hell_entry, pan_entry
Depths:3: minmay_the_grid_triangle_9x9_recursive_3
          [minmay_the_grid_triangle_9x9_descending_squares,
          minmay_the_grid_triangle_9x9_zippers_horizontal,
          minmay_the_grid_triangle_9x9_intruding_spiral,
          minmay_the_grid_triangle_9x9_prize_insulated,
          minmay_the_grid_triangle_9x9_odd_lines,
          minmay_the_grid_triangle_9x9_sprig,
          minmay_the_grid_triangle_9x9_limited_checkers,
          minmay_the_grid_triangle_9x9_warning,
          minmay_the_grid_triangle_9x9_windchime], layout_cave_shapes,
          hell_entry, hangedman_abyss_entry_splay, nzn_hepliaklqana_mist_gate,
          grunt_decor_mini_mirrors, drop_trap
Depths:4: evilmike_zot_entry_hall, layout_honeycomb, hell_entry

Skill      XL: |  1  2  3  4  5  6  7  8  9 10 11 12 13 14 15 16 17 18 19 20 21 22 23 24 |
---------------+-------------------------------------------------------------------------+-----
Conjurations   | 1 2 3 4 |  4.7
Spellcasting   | 3 5 8 9 10 12 14 16 18 | 18.0
Earth Magic    | 3 4 5 6 |  6.0
Fighting       | 3 6 7 10 12 14 15 16 18 20 | 20.0
Stealth        | 2 4 7 8 |  8.0
Necromancy     | 7 11 13 14 16 17 19 20 | 20.0
Summonings     | 5 7 9 10 12 13 14 15 | 15.0
Hexes          | 2 5 6 9 11 14 | 14.0
Dodging        | 5 8 10 12 13 | 13.7
Invocations    | 5 9 10 11 12 | 12.0
Translocations | 5 |  5.0

Action                     |  1- 3 |  4- 6 |  7- 9 | 10-12 | 13-15 | 16-18 | 19-21 | 22-24 || total
---------------------------+-------+-------+-------+-------+-------+-------+-------+-------++-------
  Melee: Whip              |       |    12 |    11 |    33 |   198 |    46 |    42 |       ||   342
         Staff             |       |       |       |       |       |       |     1 |     3 ||     4
   Cast: Sandblast         |    45 |    88 |   181 |   209 |     7 |       |       |       ||   530
         Stone Arrow       |       |     6 |    52 |   337 |   560 |   134 |   109 |    13 ||  1211
         Borgnjor's Vile C |       |       |       |    17 |   268 |   202 |   197 |   183 ||   867
         Summon Mana Viper |       |       |       |       |    56 |    30 |     3 |     2 ||    91
         Haunt             |       |       |       |       |    38 |   230 |   254 |   141 ||   663
         Infestation       |       |       |       |       |       |    26 |    22 |    27 ||    75
         Monstrous Menager |       |       |       |       |       |     8 |     3 |       ||    11
         Discord           |       |       |       |       |       |       |     8 |    33 ||    41
         Bombard           |       |       |       |       |       |       |       |    46 ||    46
         Spellforged Servi |       |       |       |       |       |       |       |     2 ||     2
 Invoke: Receive Forbidden |       |       |       |       |     1 |       |       |       ||     1
         Ancestor Life: Kn |       |       |       |       |       |     1 |       |       ||     1
         Idealise          |       |       |       |       |       |       |     4 |     2 ||     6
         Recall Ancestor   |       |       |       |       |       |       |     1 |     3 ||     4
  Evoke: Wand              |       |       |     2 |     9 |     8 |       |       |       ||    19
         Phantom mirror    |       |       |       |       |       |       |       |     1 ||     1
    Use: Scroll            |       |       |       |     9 |    16 |     7 |    11 |     5 ||    48
   Stab: Paralysed         |       |       |       |       |     1 |       |       |       ||     1
         Distracted        |       |       |       |       |     2 |       |     1 |       ||     3
         Confused          |       |       |       |       |     1 |       |       |       ||     1
 Armour: Robe              |     6 |    32 |   103 |   397 |   726 |   296 |   337 |   151 ||  2048
  Dodge: Dodged            |    10 |    31 |   108 |   238 |   471 |   207 |   254 |   103 ||  1422
         Repelled          |       |       |       |       |     6 |    16 |     1 |    11 ||    34
  Block: Other             |       |       |       |       |    42 |       |       |       ||    42

Table legend: (Time is in decaauts)
 A = Elapsed time spent in this place.
 B = Non-inter-level travel time spent in this place.
 C = Inter-level travel time spent in this place.
 D = Time resting spent in this place.
 E = Time spent auto-exploring this place.
 F = Levels seen in this place.
 G = Mean time per level.
                   A        B        C        D        E       F      G
               +--------+--------+--------+--------+--------+-----+--------+
         Total |  81871 |  73357 |   8514 |  14478 |  46060 |  53 | 1544.7 |
       Dungeon |  23890 |  20520 |   3370 |   4043 |  13267 |  15 | 1592.7 |
        Temple |    243 |      3 |    240 |      0 |      0 |   1 |  243.0 |
          Lair |  14890 |  13406 |   1484 |   4333 |   7007 |   5 | 2978.0 |
         Swamp |   4424 |   4050 |    374 |    599 |   2718 |   4 | 1106.0 |
     Snake Pit |   5281 |   4775 |    506 |    514 |   3237 |   4 | 1320.2 |
    Slime Pits |   1455 |   1372 |     83 |    535 |    632 |   4 |  363.8 |
  Orcish Mines |   3504 |   2849 |    655 |    693 |   1556 |   2 | 1752.0 |
   Elven Halls |   4757 |   4423 |    334 |    347 |   3251 |   3 | 1585.7 |
        Vaults |   6596 |   6143 |    453 |    503 |   4738 |   4 | 1649.0 |
         Crypt |   6215 |   5858 |    357 |   1371 |   3308 |   3 | 2071.7 |
        Depths |   7199 |   6545 |    654 |    667 |   4789 |   4 | 1799.8 |
         Trove |    106 |    106 |      0 |      0 |     57 |   1 |  106.0 |
      Ice Cave |   1601 |   1601 |      0 |    530 |    578 |   1 | 1601.0 |
        Wizlab |    787 |    787 |      0 |      0 |    555 |   1 |  787.0 |
      Gauntlet |    919 |    919 |      0 |    343 |    363 |   1 |  919.0 |
               +--------+--------+--------+--------+--------+-----+--------+

Top non-repeatable levels by time:
  Lair:5: 4998 daAuts
  Lair:3: 3027 daAuts
 Crypt:3: 2769 daAuts
  Lair:4: 2763 daAuts
    D:11: 2457 daAuts
  Lair:1: 2283 daAuts
    D:15: 2254 daAuts
Vaults:2: 2243 daAuts
Depths:3: 2129 daAuts
 Crypt:1: 2025 daAuts
Depths:2: 1940 daAuts
   Elf:3: 1888 daAuts
     D:7: 1848 daAuts
  Lair:2: 1817 daAuts
   Orc:2: 1814 daAuts
